 Dungeon Crawl Stone Soup version 0.26.1-11-gd32895ea62 (webtiles) character file.

Game seed: 9492890286068149999

616 Kalagan26 the Fighter (level 7, 0/69 HPs)
             Began as a Minotaur Fighter on June 21, 2021.
             Slain by Duvessa
             ... wielding a +2 vampiric rapier
              (2 damage)
             ... on level 5 of the Dungeon.
             The game lasted 00:48:47 (3982 turns).

Kalagan26 the Fighter (Minotaur Fighter)            Turns: 3982, Time: 00:48:47

Health: 0/69       AC:  8    Str: 21 (22) XL:     7   Next: 21%
Magic:  6/6        EV:  7    Int:  4 (5)  God:
Gold:   209        SH:  9    Dex:  9 (10) Spells: 6/6 levels left

rFire    . . .     SeeInvis .   a - +0 trident
rCold    . . .     Faith    .   c - +0 kite shield
rNeg     . . .     Spirit   .   b - +0 scale mail
rPois    .         Reflect  .   (helmet restricted)
rElec    .         Harm     .   (no cloak)
rCorr    .         Rampage  .   (no gloves)
Will     .....                  o - +0 pair of boots
Stlth    ..........             (no amulet)
HPRegen  0.21/turn              s - ring of flight
MPRegen  0.10/turn              (no ring)

@: silence
A: retaliatory headbutt, horns 2
a: Evoke Flight


You were on level 5 of the Dungeon.
You visited 1 branch of the dungeon, and saw 5 of its levels.

You collected 209 gold pieces.

Inventory:

Hand Weapons
 a - a +0 trident (weapon)
 d - a +1 short sword of speed
 q - a +0 spear
 y - a +1 falchion of protection
 z - a +2 dagger of speed
 B - a cursed -2 dagger
Missiles
 e - 14 arrows
 n - 10 poisoned darts (quivered)
 t - 2 javelins
Armour
 b - a +0 scale mail (worn)
 c - a +0 kite shield (worn)
 m - a cursed +0 ring mail
 o - a +0 pair of boots (worn)
Jewellery
 s - a ring of flight (left hand)
Scrolls
 g - a scroll of random uselessness {unknown}
 h - 2 scrolls of remove curse
 l - 2 scrolls of identify
 r - a scroll of fear {unknown}
 w - a scroll of blinking {unknown}
Potions
 p - a potion of invisibility {unknown}
 u - a potion of berserk rage {unknown}
 v - a potion of lignification {unknown}
 x - a potion of brilliance


   Skills:
 * Level 8.6 Fighting
 - Level 2.4 Polearms
 + Level 6.2 Armour
 - Level 0.6 Dodging
 - Level 3.6 Shields


You had 6 spell levels left.
You didn't know any spells.
Your spell library was empty.

Dungeon Overview and Level Annotations

Branches:
Dungeon (5/15)
 Temple: D:4-7

Altars:
Makhleb
Sif Muna
Yredelemnul

Shops:
D:4 *

Annotations:
D:5 3 runed translucent doors, Dowan; Duvessa; Sensen's ghost, amateur DsFi


Innate Abilities, Weirdness & Mutations

You reflexively headbutt those who attack you in melee.
You have a pair of horns on your head.


Message History

Duvessa completely misses you. You furiously retaliate!
You headbutt Duvessa, but do no damage.
It was a potion of degeneration.
There was something very wrong with that liquid.
You feel weakened.
You feel dopey.
You feel clumsy. Duvessa hits you but does no damage.
Duvessa hits you with a +2 vampiric rapier.
* * * LOW HITPOINT WARNING * * *
Duvessa draws strength from your wounds!
As you read the scroll labelled HUBERU ECOYMAL, it crumbles to dust.
You hear a loud clanging noise!
It was a scroll of noise.
You hear a shout! x3
Duvessa hits you with a +2 vampiric rapier.
* * * LOW HITPOINT WARNING * * *
Duvessa draws strength from your wounds!
As you read the scroll labelled MAEJ HUESISM, it crumbles to dust.
A profound silence engulfs you.
It was a scroll of silence.
Duvessa hits you with a +2 vampiric rapier.
You die...

#####
#...##...........o#..
##.####..##......#...
##.......# ##..#..##..
#........# ##.#o..##.
##....#######....#....
#.##...#..#....###...
## #........#### ##..
###..)#....# #...
#..@##....## ##..
###ee.#...# ###
#...##ยง(## ###(##(..#
#..#...## #....e..#
##.##..## #######


You could see Duvessa (fast, poisoned) and Dowan.

Vanquished Creatures
  A phantom (D:5)
  A howler monkey (D:5)
  A crimson imp (D:2)
  4 orc wizards
  3 hounds
  Jessica (D:2)
  2 worker ants (D:4)
  8 gnolls
  An adder (D:2)
  3 worms
  3 dart slugs
  9 orcs
  5 ball pythons
  7 bats
  3 giant cockroaches
  7 hobgoblins
  7 jackals (D:3)
  6 kobolds
  2 quokkas (D:2)
  4 frilled lizards
  3 goblins
  7 rats
88 creatures vanquished.

Notes
Turn   | Place    | Note
-------+----------+-------------------------------------------
     0 | D:1      | Kalagan26 the Minotaur Fighter began the quest for the Orb.
     0 | D:1      | Reached XP level 1. HP: 19/19 MP: 0/0
    45 | D:1      | Reached skill level 4 in Fighting
    82 | D:1      | Reached XP level 2. HP: 26/28 MP: 1/1
   421 | D:1      | Reached skill level 5 in Fighting
   528 | D:1      | You fall into a shaft and drop 1 floor!
   541 | D:2      | Reached XP level 3. HP: 36/36 MP: 2/2
   647 | D:2      | Noticed Jessica
   652 | D:2      | Killed Jessica
   736 | D:2      | Reached XP level 4. HP: 44/44 MP: 3/3
   773 | D:2      | Found a burning altar of Makhleb.
   812 | D:2      | Reached skill level 6 in Fighting
  1196 | D:2      | Reached XP level 5. HP: 27/51 MP: 4/4
  1771 | D:3      | Reached skill level 7 in Fighting
  2336 | D:4      | Found a shimmering blue altar of Sif Muna.
  2348 | D:4      | Reached XP level 6. HP: 57/60 MP: 5/5
  2402 | D:4      | Reached skill level 5 in Armour
  2428 | D:4      | Reached skill level 8 in Fighting
  2834 | D:4      | Found a basalt altar of Yredelemnul.
  2849 | D:4      | Found Doxziggo's Assorted Antiques.
  3332 | D:5      | Entered Level 5 of the Dungeon
  3337 | D:5      | Found a runed translucent gate.
  3337 | D:5      | Found a runed translucent gate.
  3337 | D:5      | Found a runed translucent gate.
  3341 | D:5      | Noticed Sensen's ghost (amateur DsFi)
  3384 | D:5      | Reached XP level 7. HP: 58/69 MP: 6/6
  3819 | D:5      | Noticed Duvessa
  3837 | D:5      | Noticed Dowan
  3980 | D:5      | HP: 3/69 [Duvessa/+2 vampiric rapier (2)]
  3982 | D:5      | Slain by Duvessa

Illustrated notes

Levels and vault maps discovered:
D:1:      minmay_arrival_stone_box, layout_basic
D:2:      layout_basic, lemuel_zombie_altar_kikubaaqudgha,
          makhleb_grotto_becter, kennysheep_pointless_box, uniq_jessica
D:3:      layout_loops_corners
D:4:      layout_cave_pools, lemuel_crystal_altar, general_overflow_altar,
          serial_shops, shop
D:5:      layout_cave_pools, kennysheep_mini_moat, temple_hall,
          ebering_ghost_rock_garden, nzn_random_ring, uniq_duvessa

Skill      XL: |  1  2  3  4  5  6  7 |
---------------+----------------------+-----
Fighting       | 4 5 6 7 8 |  8.6
Armour         | 4 5 6 |  6.2
Polearms       | |  2.4
Dodging        | |  0.6
Shields        | |  3.6

Action                   |  1- 3 |  4- 6 |  7- 9 || total
-------------------------+-------+-------+-------++-------
Melee: Trident           |    61 |   175 |    42 ||   278
       Headbutt          |     8 |    26 |     9 ||    43
Throw: Dart              |       |       |    10 ||    10
  Use: Potion            |       |     2 |     3 ||     5
       Scroll            |       |       |     6 ||     6
Armor: Scale mail        |    25 |    90 |    16 ||   131
       Skin              |       |       |     5 ||     5
Dodge: Dodged            |    21 |    53 |    24 ||    98
Block: Kite shield       |    27 |   107 |    26 ||   160
